 Dungeon Crawl Stone Soup version 0.27.1-1-g398f81649c (webtiles) character file.

Game seed: 334289143343090500

492 chaosape the Bolt Thrower (level 7, -19/56 HPs)
             Began as a Gnoll Wanderer on Sept 7, 2021.
             Demolished by an ogre (25 damage)
             ... on level 4 of the Dungeon.
             The game lasted 00:14:38 (4200 turns).

chaosape the Bolt Thrower (Gnoll Wanderer)          Turns: 4200, Time: 00:14:39

Health: -19/56     AC:  9    Str: 14    XL:     7   Next: 14%
Magic:  10/10      EV:  5    Int:  7    God:
Gold:   60         SH:  9    Dex: 21    Spells: 10/10 levels left

rFire    . . .     SeeInvis .   q - +1 spear (vorpal)
rCold    . . .     Faith    .   c - +0 kite shield
rNeg     . . .     Spirit   .   t - +0 chain mail
rPois    .         Reflect  .   (no helmet)
rElec    .         Harm     .   o - scarf {shadows}
rCorr    .         Rampage  .   (no gloves)
Will     .....                  (no boots)
Stlth    ..........             (no amulet)
HPRegen  0.18/turn              s - +6 ring of dexterity
MPRegen  0.12/turn              (no ring)

@: about to teleport
A: fangs 1, strong nose, distributed training
a: no special abilities


You were on level 4 of the Dungeon.
You visited 1 branch of the dungeon, and saw 4 of its levels.

You collected 60 gold pieces.

Inventory:

Hand Weapons
 a - a +0 hand crossbow
 q - a +1 vorpal spear (weapon)
 r - a +0 hunting sling
Missiles
 d - 39 bolts
 e - 19 sling bullets
 y - 38 arrows
Armour
 b - a +0 ring mail
 c - a +0 kite shield (worn)
 o - a scarf of shadows (worn)
 t - a +0 chain mail (worn)
 B - the +2 leather armour "Plog" {rElec rPois rCorr Str-3}
   (You found it on level 4 of the Dungeon)

   Str:       It affects your strength (-3).
   rElec:     It insulates you from electricity.
   rPois:     It protects you from poison.
   rCorr:     It protects you from acid and corrosion.
Magical Staves
 u - a staff of cold
Jewellery
 i - a ring of fire
 s - a +6 ring of dexterity (left hand)
Scrolls
 h - 2 scrolls of enchant armour
 p - a scroll of teleportation
 v - a scroll of brand weapon {unknown}
 x - a scroll of blinking {unknown}
Potions
 g - a potion of lignification {unknown}
 j - 3 potions of brilliance {unknown}
 k - a potion of mutation {unknown}
 l - a potion of flight {unknown}
 m - 3 potions of curing {unknown}
 n - a potion of attraction {unknown}
 w - a potion of might {unknown}
 z - 2 potions of invisibility {unknown}
 A - a potion of degeneration {unknown}
 C - a potion of magic {unknown}


   Skills:
 + Level 5.1 Fighting
 + Level 2.3 Short Blades
 + Level 2.3 Long Blades
 + Level 2.3 Axes
 + Level 2.3 Maces & Flails
 + Level 2.3 Polearms
 + Level 2.3 Staves
 + Level 2.3 Slings
 + Level 2.3 Bows
 + Level 5.1 Crossbows
 + Level 3.5 Throwing
 + Level 3.5 Armour
 + Level 2.3 Dodging
 + Level 2.3 Stealth
 + Level 3.5 Shields
 + Level 2.3 Unarmed Combat
 + Level 2.3 Spellcasting
 + Level 1.8 Conjurations
 + Level 1.8 Hexes
 + Level 4.2 Summonings
 + Level 2.8 Necromancy
 + Level 1.8 Translocations
 + Level 1.8 Transmutations
 + Level 1.8 Fire Magic
 + Level 1.8 Ice Magic
 + Level 1.8 Air Magic
 + Level 1.8 Earth Magic
 + Level 1.8 Poison Magic
 + Level 2.5 Invocations
 + Level 2.3 Evocations


You had 10 spell levels left.
You didn't know any spells.
Your spell library contained the following spells:

 Spells                   Type           Power      Damage    Failure   Level
 Beastly Appendage        Tmut           6%         N/A       100%        1
 Wereblood                Tmut           3%         N/A       100%        2
 Spider Form              Tmut/Pois      1%         N/A       100%        3


Dungeon Overview and Level Annotations

Branches:
Dungeon (4/15)
 Temple: D:4-7

Altars:
Ashenzari
Sif Muna
Trog


Innate Abilities, Weirdness & Mutations

You have very sharp teeth.
Your uncanny sense of smell can sniff out nearby items.
Your experience applies equally to all skills.


Message History

The ogre is moderately wounded.
The ogre hits you with a +0 giant club.
You hit the ogre but do no damage.
The ogre is moderately wounded.
The ogre hits you with a +0 giant club!
You are too injured to fight recklessly!
You are too injured to fight recklessly!
You are too injured to fight recklessly!
You are too injured to fight recklessly!
You are too injured to fight recklessly!
You are too injured to fight recklessly!
You barely miss the ogre.
The ogre is moderately wounded.
The ogre barely misses you.
You hit the ogre.
The ogre is heavily wounded.
The ogre barely misses you.
You hit the ogre but do no damage.
The ogre is heavily wounded.
You block the ogre's attack.
You hit the ogre.
The ogre is heavily wounded.
The ogre hits you with a +0 giant club!
* * * LOW HITPOINT WARNING * * *
You feel much better. The ogre barely misses you.
You hit the ogre.
The ogre is severely wounded.
The ogre barely misses you.
You hit the ogre.
The ogre is severely wounded.
The ogre hits you with a +0 giant club!
You hit the ogre.
The ogre is almost dead.
The ogre hits you with a +0 giant club!!
* * * LOW HITPOINT WARNING * * *
Okay, then.
As you read the scroll of teleportation, it crumbles to dust.
You feel strangely unstable.
The ogre hits you with a +0 giant club!!
You die...

.###.####.#.......#....##........
.##.......#.......#.....#........
..........#.......##....##.......
..........##.....# #....##...)...
..........# #.g.# ###..##.#.....
..........####J########.##.##...#
..#.......#....Z........#...#####
####..##..#.....O.......#...#
#.....#...#.....@.......#.###
..........#.########+####.#
......#...#. ### ......#...#
..........# ∆ ∆ ..........#
.....###..# ∆ ∆ ....## #..# ....#
####


You could see an ogre, an endoplasm, a hobgoblin and a centaur skeleton.

Vanquished Creatures
  An ogre (D:4)
  2 phantoms
  A scorpion (D:4)
  A bullfrog skeleton (D:4)
  A hound skeleton (D:4)
  3 gnolls (D:2)
  7 adders
  An ufetubus (D:4)
  4 dart slugs
  4 orcs
  5 ball pythons
  10 endoplasms
  6 giant cockroaches
  4 hobgoblins
  9 jackals
  6 kobolds
  5 quokkas
  3 bats
  5 frilled lizards
  3 goblins
  7 rats
88 creatures vanquished.

Notes
Turn   | Place    | Note
-------+----------+-------------------------------------------
     0 | D:1      | chaosape the Gnoll Wanderer began the quest for the Orb.
     0 | D:1      | chaosape set off with the following items: a +0 hand
                  | crossbow, a +0 ring mail, a +0 kite shield, 32 bolts
     0 | D:1      | Reached XP level 1. HP: 20/20 MP: 1/1
    76 | D:1      | Reached XP level 2. HP: 20/26 MP: 2/2
   563 | D:1      | Reached XP level 3. HP: 31/31 MP: 3/3
   902 | D:1      | Reached skill level 1 in Invocations
  1144 | D:2      | Reached skill level 1 in Short Blades
  1144 | D:2      | Reached skill level 1 in Long Blades
  1144 | D:2      | Reached skill level 1 in Axes
  1144 | D:2      | Reached skill level 1 in Maces & Flails
  1144 | D:2      | Reached skill level 1 in Polearms
  1144 | D:2      | Reached skill level 1 in Staves
  1144 | D:2      | Reached skill level 1 in Slings
  1144 | D:2      | Reached skill level 1 in Bows
  1144 | D:2      | Reached skill level 1 in Dodging
  1144 | D:2      | Reached skill level 1 in Stealth
  1144 | D:2      | Reached skill level 1 in Unarmed Combat
  1144 | D:2      | Reached skill level 1 in Spellcasting
  1144 | D:2      | Reached skill level 1 in Evocations
  1144 | D:2      | Reached XP level 4. HP: 35/38 MP: 5/5
  1226 | D:2      | Reached skill level 1 in Conjurations
  1226 | D:2      | Reached skill level 1 in Hexes
  1226 | D:2      | Reached skill level 1 in Translocations
  1226 | D:2      | Reached skill level 1 in Transmutations
  1226 | D:2      | Reached skill level 1 in Fire Magic
  1226 | D:2      | Reached skill level 1 in Ice Magic
  1226 | D:2      | Reached skill level 1 in Air Magic
  1226 | D:2      | Reached skill level 1 in Earth Magic
  1226 | D:2      | Reached skill level 1 in Poison Magic
  1823 | D:2      | Reached XP level 5. HP: 42/43 MP: 6/6
  2283 | D:3      | Found a shimmering blue altar of Sif Muna.
  2625 | D:3      | Noticed a phantom
  2651 | D:3      | Killed a phantom
  2652 | D:3      | Reached XP level 6. HP: 30/50 MP: 8/8
  3177 | D:3      | Found a bloodstained altar of Trog.
  3244 | D:4      | Reached skill level 5 in Fighting
  3244 | D:4      | Reached skill level 5 in Crossbows
  3880 | D:4      | Found a broken altar of Ashenzari.
  3883 | D:4      | Saw a vision of the Shoals and the Spider Nest.
  3883 | D:4      | Noticed a wolf spider
  3883 | D:4      | Noticed a wolf spider
  3883 | D:4      | Noticed a merfolk siren
  3883 | D:4      | Noticed a redback
  3883 | D:4      | Noticed a hornet
  3883 | D:4      | Noticed a merfolk siren
  3883 | D:4      | Noticed a wolf spider
  3883 | D:4      | Noticed a hornet
  3884 | D:4      | Noticed a merfolk
  3884 | D:4      | Noticed a wolf spider
  3995 | D:4      | Identified the +2 leather armour "Plog" {rElec rPois rCorr
                  | Str-3}
  4063 | D:4      | Reached XP level 7. HP: 56/56 MP: 10/10
  4200 | D:4      | Demolished by an ogre

Illustrated notes

Levels and vault maps discovered:
D:1:      amcnicky_arrival_choice, layout_basic
D:2:      layout_loops_ring
D:3:      layout_loops_ring, led_sif_pool, general_overflow_altar,
          chequers_serial_rivers_micro_b
D:4:      minmay_opposing_rooms, layout_cave_pools, grunt_ashenzari_visionary
          [grunt_ashenzari_visionary_shoals, grunt_ashenzari_visionary_spider]

Skill      XL: |  1  2  3  4  5  6 |
---------------+-------------------+-----
Necromancy     | 2 |  2.8
Invocations    | 1 2 |  2.5
Short Blades   | 1 2 |  2.3
Long Blades    | 1 2 |  2.3
Axes           | 1 2 |  2.3
Maces & Flails | 1 2 |  2.3
Polearms       | 1 2 |  2.3
Staves         | 1 2 |  2.3
Slings         | 1 2 |  2.3
Bows           | 1 2 |  2.3
Dodging        | 1 2 |  2.3
Stealth        | 1 2 |  2.3
Unarmed Combat | 1 2 |  2.3
Spellcasting   | 1 2 |  2.3
Evocations     | 1 2 |  2.3
Conjurations   | 1 |  1.8
Hexes          | 1 |  1.8
Translocations | 1 |  1.8
Transmutations | 1 |  1.8
Fire Magic     | 1 |  1.8
Ice Magic      | 1 |  1.8
Air Magic      | 1 |  1.8
Earth Magic    | 1 |  1.8
Poison Magic   | 1 |  1.8
Throwing       | 3 |  3.5
Armour         | 3 |  3.5
Shields        | 3 |  3.5
Summonings     | 4 |  4.2
Fighting       | 5 |  5.1
Crossbows      | 5 |  5.1

Action                   |  1- 3 |  4- 6 |  7- 9 || total
-------------------------+-------+-------+-------++-------
Melee: Spear             |       |   184 |    27 ||   211
       Bite              |       |    15 |     4 ||    19
 Fire: Hand crossbow     |    84 |    19 |       ||   103
  Use: Scroll            |       |     4 |     1 ||     5
       Potion            |       |     2 |     1 ||     3
 Stab: Sleeping          |       |     1 |       ||     1
Armor: Ring mail         |    26 |     4 |       ||    30
       Chain mail        |       |    70 |    15 ||    85
Dodge: Dodged            |    15 |    31 |    10 ||    56
Block: Kite shield       |    25 |    80 |    13 ||   118
